 Dungeon Crawl Stone Soup version 0.31-a0-1591-g515db51633 (webtiles) character file.

Game seed: 7127166677324286542

1544 Flugslaktarn the Toxicologist (level 8, -1/51 HPs)
             Began as an Octopode Alchemist on Jan 6, 2024.
             Was an Initiate of Sif Muna.
             Slain by a centaur
             ... wielding a +0 trident
              (8 damage)
             ... on level 7 of the Dungeon.
             The game lasted 00:08:34 (1862 turns).

Flugslaktarn the Toxicologist (Octopode Alchemist)  Turns: 1862, Time: 00:08:34

Health: -1/51      AC:  1    Str:  7    XL:     8   Next: 87%
Magic:  4/16       EV: 13    Int: 20    God:    Sif Muna [......]
Gold:   95         SH:  0    Dex: 12    Spells: 9/18 levels left

rFire   . . .        i - +2 whip (distort)
rCold   + . .        (no shield)
rNeg    . . .        (helmet restricted)
rPois   .            o - amulet of the acrobat
rElec   .            c - ring of protection from cold
rCorr   .            (no ring)
SInv    .            (no ring)
Will    +....        (no ring)
Stlth   +++          (no ring)
HPRegen 0.28/turn    (no ring)
MPRegen 0.15/turn    (no ring)
                     (no ring)

%: acrobat
@: about to teleport, enlightened, flying
A: almost no armour, amphibious, 8 rings, camouflage 1, gelatinous body 1,
(nimble swimmer 1), tentacles
a: Renounce Religion


You were on level 7 of the Dungeon.
You worshipped Sif Muna.
Sif Muna was noncommittal.
You visited 2 branches of the dungeon, and saw 8 of its levels.

You collected 95 gold pieces.

Inventory:

Hand Weapons
 i - a +2 whip of distortion (weapon)
   (You found it on level 6 of the Dungeon)
Magical Staves
 h - a staff of earth
   (You took it off a goblin on level 1 of the Dungeon)
 l - a staff of alchemy
   (You found it on level 6 of the Dungeon)
Jewellery
 c - a ring of protection from cold (left tentacle)
   (You found it on level 2 of the Dungeon)
 o - an amulet of the acrobat (around mantle)
   (You found it on level 7 of the Dungeon)
Talismans
 p - a maw talisman
   (You found it on level 7 of the Dungeon)
Wands
 a - a wand of paralysis (6)
   (You took it off Joseph on level 7 of the Dungeon)
 k - a wand of iceblast (5)
   (You found it on level 6 of the Dungeon)
Scrolls
 e - a scroll of fear {unknown}
 z - a scroll of blinking
Potions
 b - a potion of mutation
 d - a potion of might
 n - a potion of heal wounds {unknown}
 q - a potion of curing


   Skills:
 + Level 2.3 Fighting
 - Level 2.0 Dodging
 - Level 2.6 Stealth
 + Level 5.5 Spellcasting
 - Level 1.0 Conjurations
 + Level 2.3 Summonings
 + Level 2.3 Translocations
 - Level 4.0 Fire Magic
 - Level 8.0 Alchemy


You had 9 spell levels left.
You knew the following spells:

 Your Spells              Type           Power      Damage    Failure   Level
a - Sting                 Conj/Alch      92%        1d8       1%          1
b - Olgreb's Toxic Radia  Alch           37%        N/A       4%          4
c - Sticky Flame          Fire/Alch      29%        2d7       10%         4

Your spell library contained the following spells:

 Spells                   Type           Power      Damage    Failure   Level
 Mercury Vapours          Alch/Air       42%        N/A       3%          2
 Kiss of Death            Conj/Necr      28%        2d7       9%          1
 Mephitic Cloud           Conj/Alch/Air  17%        N/A       10%         3
 Gell's Gravitas          Tloc           15%        N/A       12%         3
 Teleport Other           Tloc           15%        N/A       12%         3
 Ensorcelled Hibernation  Hex/Ice        10%        N/A       17%         2
 Leda's Liquefaction      Alch/Erth      10%        N/A       22%         4
 Petrify                  Alch/Erth      21%        N/A       22%         4
 Confusing Touch          Hex            5%         N/A       32%         3
 Frozen Ramparts          Ice            10%        1d2       32%         3
 Passwall                 Erth           5%         N/A       32%         3
 Swiftness                Air            5%         N/A       32%         3
 Dispel Undead            Necr           5%         3d7       73%         4
 Summon Forest            Summ/Tloc      7%         N/A       75%         5
 Summon Mana Viper        Hex/Summ       10%        N/A       88%         5
 Metabolic Englaciation   Hex/Ice        2%         N/A       97%         5
 Dispersal                Tloc           7%         N/A       99%         6
 Summon Cactus Giant      Summ           7%         N/A       100%        6


Dungeon Overview and Level Annotations

Branches:
Dungeon (7/15)             Temple (1/1) D:6

Altars:
Ashenzari
Cheibriados
Dithmenos
Elyvilon
Fedhas
Gozag
Makhleb
Nemelex Xobeh
Okawaru
Qazlal
Ru
Sif Muna
Trog
Vehumet
Xom
Yredelemnul
Zin

Shops:
D:4 (   D:6 [(


Innate Abilities, Weirdness & Mutations

You cannot wear most types of armour.
You are amphibious.
You can wear up to eight rings at the same time.
Your skin changes colour to match your surroundings (Stealth+).
Your rubbery body absorbs attacks. (AC +1, EV +1)
((You are camouflaged when in or above water. (Stealth+)))
You have tentacles for arms and can constrict up to eight enemies at once.


Message History

Your toxic aura wanes.
Joseph smiles happily.
Joseph misses you.
Unknown command.
Casting: Olgreb's Toxic Radiance (dangerous; 4% risk of failure)
Confirm with . or Enter, or press ? or * to list all spells.
Okay, then.
Casting: Sticky Flame (quite dangerous; 10% risk of failure)
Confirm with . or Enter, or press ? or * to list all spells.
Aiming: Sticky Flame (quite dangerous; 10% risk of failure)
Press: ? - help, Shift-Dir - straight line, f - Joseph
Aim: Joseph, wielding a +0 quarterstaff, wearing a +0 ring mail and carrying a wand of paralysis (lightly wounded, poisoned)
The sticky flame hits Joseph!
Joseph is moderately wounded.
Joseph burns!
Joseph zaps a wand.
You resist with some effort.
Casting: Sticky Flame (quite dangerous; 10% risk of failure)
Confirm with . or Enter, or press ? or * to list all spells.
Aiming: Sticky Flame (quite dangerous; 10% risk of failure)
Press: ? - help, Shift-Dir - straight line, f/p - Joseph
Aim: Joseph, wielding a +0 quarterstaff, wearing a +0 ring mail and carrying a wand of paralysis (heavily wounded, covered in liquid flames, poisoned)
The sticky flame hits Joseph!
Joseph is heavily wounded.
Joseph burns!
Joseph zaps a wand.
You suddenly lose the ability to move!
Joseph burns!
Joseph hits you with a +0 quarterstaff!
You can move again.
Casting: Sticky Flame (quite dangerous; 10% risk of failure)
Confirm with . or Enter, or press ? or * to list all spells.
Aiming: Sting (safe; 1% risk of failure)
Press: ? - help, Shift-Dir - straight line, f/p - Joseph
Aim: Joseph, wielding a +0 quarterstaff, wearing a +0 ring mail and carrying a wand of paralysis (almost dead, covered in liquid flames, poisoned, 85% to hit)
The sting hits Joseph but does no damage.
Joseph looks even sicker.
Joseph is almost dead.
Joseph burns!
You kill Joseph!
Sif Muna accepts your kill.
Your Fighting skill increases to level 2!
Your Summonings skill increases to level 2!
Your Translocations skill increases to level 2!
Unknown command.
a - a wand of paralysis (6)
Items here: )) [ †.
Things that are here:
a +0 club; an orc corpse
Things that are here:
a +0 whip; an orc corpse You now have 95 gold pieces (gained 7).
Found 4 gold pieces.
Found a scroll labelled QOTIZA TYRAGH.
A howler monkey comes into view.
Found a stone staircase leading down.
A howler monkey comes into view.
Casting: Sting (safe; 1% risk of failure)
Confirm with . or Enter, or press ? or * to list all spells.
You begin to radiate toxic energy.
The howler monkey howls!
The howler monkey is poisoned.
The howler monkey howls!
The howler monkey is poisoned.
The howler monkey hoots and howls with incredible vigour! x2
You hear a shout!
The howler monkey looks even sicker. x2
The howler monkey looks even sicker.
Your toxic aura wanes.
The howler monkey hoots and howls with incredible vigour!
You hear a shout!
The howler monkey hoots and howls with incredible vigour!
You hear a shout!
Casting: Olgreb's Toxic Radiance (dangerous; 4% risk of failure)
Confirm with . or Enter, or press ? or * to list all spells.
You can't see any susceptible monsters within range! (Use Z to cast anyway.)
You kill the howler monkey!
Sif Muna accepts your kill.
The centaur unwields a +0 trident.
The centaur wields a +0 orcbow.
The centaur shoots an arrow.
The arrow hits you!
The centaur shoots an arrow.
The arrow completely misses you.
The centaur shoots an arrow.
The arrow completely misses you.
You see here a scroll labelled QOTIZA TYRAGH.
e - a scroll labelled QOTIZA TYRAGH The centaur shoots an arrow.
The arrow hits you!
You feel better.
The centaur shoots an arrow.
The arrow completely misses you.
The centaur shoots an arrow.
The arrow completely misses you.
The howler monkey hoots and howls with incredible vigour!
Unknown command.
The howler monkey looks more healthy.
The centaur unwields a +0 orcbow.
The centaur wields a +0 trident.
The centaur completely misses you. x2
The centaur closely misses you. The centaur barely misses you.
Unknown command.
It was a potion of enlightenment.
You feel very buoyant.
You fly up into the air.
The centaur hits you with a +0 trident! The centaur closely misses you.
Okay, then.
As you read the scroll of teleportation, it crumbles to dust.
You feel strangely unstable. The centaur hits you with a +0 trident!
* * * LOW HITPOINT WARNING * * *
The centaur kicks you.
* * * LOW HITPOINT WARNING * * *
The centaur hits you with a +0 trident!
You die...

........# ##....)†.#######.###.##
........###......))......#.....#.
........##....)...#......+.._..'.
,#................+......#.....#.
,#..$.............#......#.###.#.
............#######......#.....#.
....#.............#......#+###'#.
....#.............######....#+...
...,##........h.@.# *,....#.###
...,*#...#.......c#****,,...#....
.>,,'...............,,,,,........
..,.#######.#######.#**,,,,##....
,,,,,,,,,,#..,,,,,,...,,*,,,+....
,,,,,,,,*,#..****,,,...,*,**#....
,,,,,,,,',,,,* *,,,,...,,* #....
,,,,,,,,*,**'****,,,....*** #....
,,,,,,,,*,,,,,,,*,,,....* #....


You could see a centaur and a howler monkey.

Vanquished Creatures
  Joseph (D:7)
  Prince Ribbit (D:7)
  An orc warrior (D:6)
  2 black bears
  2 phantoms
  2 scorpions
  2 howler monkeys
  3 bombardier beetles
  3 hounds
  2 iguanas
  3 orc wizards
  4 adders
  2 shadow imps
  A dart slug (D:2)
  8 orcs
  5 ball pythons
  2 bats
  3 endoplasms
  2 giant cockroaches
  5 goblins
  4 hobgoblins
  2 kobolds
  5 quokkas
  A frilled lizard (D:1)
  A rat (D:1)
67 creatures vanquished.

Notes
Turn   | Place    | Note
-------+----------+-------------------------------------------
     0 | D:1      | Flugslaktarn the Octopode Alchemist began the quest for the
                  | Orb.
     0 | D:1      | Reached XP level 1. HP: 11/11 MP: 3/3
   129 | D:1      | Reached XP level 2. HP: 17/17 MP: 0/5
   246 | D:2      | Reached skill level 4 in Alchemy
   253 | D:2      | Reached XP level 3. HP: 8/21 MP: 1/6
   527 | D:3      | Reached XP level 4. HP: 27/27 MP: 0/8
   580 | D:3      | Reached skill level 5 in Alchemy
   606 | D:4      | Found a broken altar of Ashenzari.
   621 | D:4      | Found Neiviger's Antique Weapon Boutique.
   731 | D:4      | Noticed a black bear
   736 | D:4      | Noticed a phantom
   753 | D:4      | Killed a black bear
   754 | D:4      | Reached XP level 5. HP: 31/31 MP: 6/10
   821 | D:4      | Learned a level 4 spell: Olgreb's Toxic Radiance
   891 | D:4      | Reached skill level 6 in Alchemy
   891 | D:4      | Reached XP level 6. HP: 25/36 MP: 7/11
   948 | D:5      | Entered Level 5 of the Dungeon
  1026 | D:5      | Found a radiant altar of Vehumet.
  1200 | D:5      | Reached skill level 7 in Alchemy
  1200 | D:5      | Reached XP level 7. HP: 30/41 MP: 8/13
  1221 | D:5      | Found an opulent altar of Gozag.
  1354 | D:6      | Learned a level 4 spell: Sticky Flame
  1387 | D:6      | Found Guepu's Armour Shop.
  1395 | D:6      | Found a staircase to the Ecumenical Temple.
  1408 | Temple   | Entered the Ecumenical Temple
  1454 | D:6      | Found Puos's Antique Weapon Shop.
  1462 | D:6      | Found a shimmering blue altar of Sif Muna.
  1470 | D:6      | Became a worshipper of Sif Muna the Loreminder
  1490 | D:6      | Reached skill level 1 in Fire Magic
  1490 | D:6      | Reached skill level 8 in Alchemy
  1569 | D:7      | Reached skill level 5 in Spellcasting
  1569 | D:7      | Reached XP level 8. HP: 39/46 MP: 1/15
  1761 | D:7      | Found a sacrificial altar of Ru.
  1807 | D:7      | Noticed Prince Ribbit
  1813 | D:7      | Killed Prince Ribbit
  1814 | D:7      | Reached skill level 1 in Fighting
  1814 | D:7      | Reached skill level 1 in Summonings
  1814 | D:7      | Reached skill level 1 in Translocations
  1814 | D:7      | Noticed Joseph
  1828 | D:7      | Paralysed by Joseph for 2 turns
  1830 | D:7      | Killed Joseph
  1862 | D:7      | Slain by a centaur

Illustrated notes

Levels and vault maps discovered:
D:1:      minmay_arrival_nine_rooms, layout_basic,
          hellmonk_ecumenical_altar_heavens_door, minmay_cut_off
D:2:      minmay_evil_eye, layout_loops_ring
D:3:      layout_rooms, minmay_liquid_box
D:4:      layout_layer_cave, ashenzari_altar_1, serial_shops, shop,
          grunt_decor_clamped, nrook_campfire
D:5:      layout_rooms, mainiacjoe_overflow_24_doors, lemuel_crystal_altar,
          kennysheep_little_box
D:6:      layout_basic, mainiacjoe_overflow_small_starburst,
          minmay_temple_entry_mini_moons, serial_shops, kennysheep_mini_moat,
          shop, nicolae_shop_tiny_waterfront, shop, nicolae_shop_crystal
D:7:      layout_basic, mainiacjoe_overflow_six_doors_small, uniq_jeremiah,
          uniq_prince_ribbit1, uniq_joseph
Temple:   nicolae_temple_slightly_damp_pantheon

Skill      XL: |  1  2  3  4  5  6  7  8 |
---------------+-------------------------+-----
Alchemy        | 4 5 6 7 8 |  8.0
Spellcasting   | 3 4 5 |  5.5
Fire Magic     | 2 4 |  4.0
Fighting       | 2 |  2.3
Summonings     | 2 |  2.3
Translocations | 2 |  2.3
Dodging        | |  2.0
Stealth        | |  2.6
Conjurations   | |  1.0

Action                     |  1- 3 |  4- 6 |  7- 9 || total
---------------------------+-------+-------+-------++-------
  Melee: Unarmed           |    12 |       |       ||    12
         Constrict         |     7 |     4 |     2 ||    13
         Tentacles         |     3 |     3 |     5 ||    11
         Staff             |    30 |    19 |     1 ||    50
         Whip              |       |       |    24 ||    24
   Cast: Sting             |    30 |    33 |    17 ||    80
         Olgreb's Toxic Ra |       |     1 |    13 ||    14
         Sticky Flame      |       |       |     3 ||     3
  Evoke: Wand              |       |       |     1 ||     1
    Use: Scroll            |       |     6 |     5 ||    11
         Potion            |       |     1 |     3 ||     4
   Stab: Sleeping          |     1 |       |       ||     1
 Armour: Skin              |    24 |    18 |    27 ||    69
  Dodge: Dodged            |    34 |    19 |    32 ||    85

Table legend: (Time is in decaauts)
 A = Elapsed time spent in this place.
 B = Non-inter-level travel time spent in this place.
 C = Inter-level travel time spent in this place.
 D = Time resting spent in this place.
 E = Time spent auto-exploring this place.
 F = Levels seen in this place.
 G = Mean time per level.
                   A        B        C        D        E       F      G
               +--------+--------+--------+--------+--------+-----+--------+
         Total |   1872 |   1819 |     53 |     47 |    504 |   8 |  234.0 |
       Dungeon |   1870 |   1817 |     53 |     47 |    504 |   7 |  267.1 |
        Temple |      1 |      1 |      0 |      0 |      0 |   1 |    1.0 |
               +--------+--------+--------+--------+--------+-----+--------+

Top non-repeatable levels by time:
     D:6: 397 daAuts
     D:4: 350 daAuts
     D:5: 281 daAuts
     D:1: 243 daAuts
     D:2: 241 daAuts
     D:7: 237 daAuts
     D:3: 119 daAuts
  Temple: 1 daAuts
